AoeStats
← FormulaHawk8575

Nomad

510137116Analyzed
3v3 RM · 18h ago on Sep 29, 2026· 39m 23s· 6 players
Game mode
Random Map
Map size
210×210
Population
200
Speed
Normal
Resources
Standard
Victory
Conquest
Starting age
Dark Age
Ending age
Imperial Age
RankedLock teamsTeams togetherTeam positionsShared explorationLock speedFull tech treeHidden civsTurbo modeCheats
Victory
Defeat
🇵🇱 Malians · Poland
1292
+10
🇮🇱 Japanese · Israel
1190
+14
🇨🇿 Persians · Czechia
1043
+21
🇵🇪 Franks · Peru
1171
-16
🇨🇴 Wei · Colombia
1147
-15
🇸🇪 Britons · Sweden
1122
-14
FormulaHawk8575
3:48 Loom
15:19 Feudal Age
15:48 Double-Bit Axe
16:11 Horse Collar
17:08 Wheelbarrow
17:10 Gold Mining
17:19 Fletching
18:21 Town Watch
18:46 Padded Archer Armor
26:49 Castle Age
29:21 Bow Saw
33:19 Husbandry
35:11 Ballistics
37:50 Bodkin Arrow
ubertorresr
3:22 Loom
15:34 Feudal Age
18:28 Fishing Lines
24:03 Fletching
25:19 Forging
27:52 Castle Age
29:18 Scale Barding Armor
31:39 Castle Age
Superhoops
5:32 Loom
15:03 Feudal Age
16:55 Double-Bit Axe
22:07 Castle Age
20:38 Fletching
22:59 Medium Warships
22:47 Bodkin Arrow
25:17 Wheelbarrow
26:40 Gold Mining
26:41 Stone Mining
26:36 Horse Collar
27:22 Bow Saw
30:13 Hand Cart
35:56 Padded Archer Armor
hrad_cz
3:42 Loom
13:36 Feudal Age
14:23 Double-Bit Axe
14:27 Fishing Lines
16:49 Town Watch
17:02 Fletching
24:47 Castle Age
25:48 Medium Warships
28:31 Bodkin Arrow
32:10 Demolition Ship
37:17 Wheelbarrow
38:33 Husbandry
39:26 Wheelbarrow
Mike
6:05 Loom
13:36 Feudal Age
17:31 Castle Age
16:42 Double-Bit Axe
17:28 Horse Collar
29:05 Wheelbarrow
28:41 Bow Saw
28:32 Heavy Plow
29:10 Scale Mail Armor
29:20 Forging
30:46 Fletching
30:57 Padded Archer Armor
33:32 Man-at-Arms
33:58 Gambesons
34:29 Chain Mail Armor
34:49 Iron Casting
33:41 Crossbowman
34:26 Thumb Ring
34:18 Bodkin Arrow
34:23 Padded Archer Armor
34:46 Ballistics
35:25 Padded Archer Armor
36:44 Thumb Ring
38:52 Chain Mail Armor
GoodFunHaveLuck
12:04 Loom
14:17 Feudal Age
18:14 Castle Age
17:53 Double-Bit Axe
34:08 Forging
33:58 Scale Mail Armor
38:37 Imperial Age
Connection lost

Rejoining the realm…

Still unreachable

The connection could not be restored.

Session expired

The server has moved on; the page needs a fresh start.